Map: 포트 알렉산더 - 래더

Players

goblin

  • Race: Protoss Protoss
  • Spawn Location: 5:00

herO - Winner!

  • Race: Protoss Protoss
  • Spawn Location: 11:00

Event: IEM Season 13: Katowice (2019)

VOD

Have the link to the VOD?

Description

Time

  • Played on: Feb. 25, 2019, 11:13 a.m.
  • Length: 9:59

All games in this series

Show
View Real Time Build Order
Export as new Build Order

goblin Protoss 

Build Orders: Blink Stalkers 

Get SALT Encoding   

  12  0:00  Probe  
  13  0:12  Probe  
  14  0:18  Pylon  
  14  0:24  Probe  
  15  0:32  Probe  
  15  0:39  Gateway  
  15  0:40  Probe  
  16  0:46  Assimilator  
  17  0:51  Probe  
  17  0:56  Assimilator  
  18  0:59  Probe  
  19  1:07  Probe  
  19  1:13  Gateway  
  19  1:18  Probe  
  21  1:28  Cybernetics Core  
  21  1:30  Probe  
  22  1:38  Pylon  
  22  1:42  Probe  
  23  1:52  Pylon  
  24  2:03  Warp Gate  
  24  2:04  Stalker  
  24  2:07  Stalker  
  27  2:13  Probe  
  28  2:23  Twilight Council  
  28  2:35  Stalker  
  30  2:39  Stalker  
  30  2:42  Blink  
  32  2:46  Probe  
  33  3:04  Shield Battery  
  33  3:35  Nexus  
  33  3:43  Probe  
  34  3:49  Pylon  
  34  3:51  Stalker x2  
  38  3:56  Probe  
  39  4:08  Probe  
  40  4:15  Shield Battery  
  40  4:21  Sentry  
  40  4:22  Sentry  
  44  4:26  Probe  
  45  4:32  Pylon  
  45  4:34  Phoenix  
  45  4:38  Probe, Shield Battery  
  46  4:44  Gateway x2  
  46  4:56  Probe x2  
  46  4:57  Stalker  
  50  5:08  Sentry  
  50  5:10  Shield Battery  
  50  5:12  Shield Battery  
  52  5:18  Sentry  
  54  5:29  Shield Battery  
  54  5:38  Sentry  
  54  5:39  Sentry  
  52  5:46  Stalker x2  
  41  6:05  Stalker x3  
  47  6:12  Zealot  
  49  6:22  Pylon  
  49  6:24  Pylon  
  49  6:26  Pylon  
  49  6:41  Stalker x2  
  49  6:46  Stalker  
  55  6:47  Stalker  
  57  7:05  Zealot x2  
  59  7:10  Sentry  
  59  7:11  Stalker  
  55  7:27  Stalker  
  45  7:37  Sentry, Zealot  
  45  7:38  Zealot  
  51  8:01  Zealot x3  
  57  8:09  Pylon  
  57  8:22  Sentry x2  
  57  8:23  Zealot  
  61  8:46  Sentry  
  59  8:49  Adept  
Show
View Real Time Build Order
Export as new Build Order

herO Protoss - Winner!

Build Orders:  

Get SALT Encoding   

  12  0:00  Probe  
  13  0:12  Probe  
  14  0:18  Pylon  
  14  0:24  Probe  
  15  0:32  Probe  
  15  0:38  Gateway  
  15  0:40  Probe  
  16  0:47  Assimilator  
  17  0:51  Probe  
  18  0:57  Assimilator  
  18  1:00  Probe  
  19  1:08  Probe  
  19  1:09  Gateway  
  19  1:17  Probe  
  21  1:28  Cybernetics Core  
  21  1:29  Probe  
  22  1:36  Pylon  
  22  1:41  Probe  
  23  1:53  Warp Gate  
  23  1:54  Probe  
  24  2:04  Stalker x2  
  28  2:10  Pylon  
  28  2:34  Stalker x2  
  28  2:36  Robotics Facility  
  31  2:52  Gateway  
  31  3:04  Stalker x2  
  35  3:08  Pylon  
  35  3:20  Immortal  
  38  3:43  Pylon  
  38  3:45  Sentry  
  40  3:50  Adept  
  40  3:51  Adept  
  40  3:55  Observer  
  45  4:07  Warp Prism  
  47  4:24  Sentry  
  47  4:25  Stalker  
  51  4:35  Stalker, Pylon  
  53  4:42  Pylon  
  53  5:13  Immortal, Stalker x2  
  53  5:14  Stalker  
  61  5:46  Sentry  
  63  5:50  Pylon x2  
  63  5:56  Warp Prism  
  63  6:08  Probe  
  64  6:15  Sentry x2  
  68  6:20  Probe  
  69  6:29  Pylon  
  69  6:39  Adept x3  
  73  7:05  Adept x3  
  72  7:25  Observer  
  72  7:29  Warp Prism  
  64  7:33  Observer  
  62  7:49  Sentry x3  
  66  7:51  Nexus  
  66  8:17  Stalker x3  
  66  8:51  Stalker x3  
  47  9:33  Probe  
  47  9:34  Probe  
  49  9:42  Probe x2  

Tags
 
Add a new tag
Caveats
  • Supply blocks, unpowered buildings, or Contaminate may cause inaccurate times.
  • Supply counts are checked every 10 seconds.